 Dungeon Crawl Stone Soup version 0.28.0 (webtiles) character file.

Game seed: 4746547226860573514

1008 crazypyro the Digger (level 8, -4/41 HPs)
             Began as a Gargoyle Earth Elementalist on Feb 7, 2022.
             Slain by a wyvern (5 damage)
             ... on level 5 of the Dungeon.
             The game lasted 00:09:19 (5251 turns).

crazypyro the Digger (Gargoyle Earth Elementalist)  Turns: 5251, Time: 00:09:20

Health: -4/41      AC: 11    Str: 12    XL:     8   Next: 20%
Magic:  0/14       EV: 12    Int: 18    God:
Gold:   298        SH:  0    Dex: 10    Spells: 12/16 levels left

rFire   . . .      SeeInvis .   t - +1 flail (venom)
rCold   . . .      Faith    .   (no shield)
rNeg    + + .      Spirit   +   d - +1 robe {rN+}
rPois   ∞          Reflect  .   r - +0 helmet
rElec   +          Harm     .   (no cloak)
rCorr   .          Rampage  .   (no gloves)
Will    .....                   z - +1 pair of boots
Stlth   ++........              p - amulet of guardian spirit
HPRegen 0.13/turn               (no ring)
MPRegen 0.14/turn               (no ring)

@: no status effects
A: sickness immunity, AC +5, negative energy resistance 1, electricity
resistance, torment resistance 1, petrification resistance
a: no special abilities


You were on level 5 of the Dungeon.
You visited 1 branch of the dungeon, and saw 5 of its levels.

You collected 298 gold pieces.

Inventory:

Hand Weapons
 l - a +3 dagger
 t - a +1 flail of venom (weapon)
Armour
 b - a +0 robe
 d - a +1 robe of positive energy (worn)
 k - a +0 leather armour
 m - a +0 kite shield
 r - a +0 helmet (worn)
 y - a +0 chain mail of positive energy
 z - a +1 pair of boots (worn)
Jewellery
 p - an amulet of guardian spirit (around neck)
Wands
 w - a wand of mindburst (7)
Scrolls
 e - 2 scrolls of identify
 h - a scroll of magic mapping
 i - a scroll of teleportation {unknown}
 q - a scroll of holy word {unknown}
 s - a scroll of enchant armour {unknown}
 u - a scroll of blinking {unknown}
 v - a scroll of immolation {unknown}
Potions
 a - a potion of heal wounds
 f - 2 potions of berserk rage {unknown}
 g - 4 potions of curing {unknown}
 j - a potion of mutation {unknown}
 n - 2 potions of flight {unknown}
 o - a potion of resistance {unknown}
 x - a potion of degeneration {unknown}


   Skills:
 - Level 1.6 Dodging
 - Level 2.2 Stealth
 + Level 4.1 Shields
 + Level 4.5 Spellcasting
 + Level 4.6 Conjurations
 - Level 1.5 Transmutations
 + Level 6.9 Earth Magic


You had 12 spell levels left.
You knew the following spells:

 Your Spells              Type           Power      Damage    Failure   Level
a - Sandblast             Erth           58%        2d13      1%          1
b - Stone Arrow           Conj/Erth      50%        3d10      3%          3

Your spell library contained the following spells:

 Spells                   Type           Power      Damage    Failure   Level
 Passwall                 Tmut/Erth      15%        N/A       3%          2
 Animate Skeleton         Necr           8%         N/A       14%         1
 Pain                     Necr           16%        1d4       14%         1
 Summon Small Mammal      Summ           16%        N/A       14%         1
 Conjure Flame            Conj/Fire      12%        6-21      16%         3
 Petrify                  Tmut/Erth      19%        N/A       24%         4
 Ignite Poison            Fire/Tmut/Pois 5%         N/A       34%         3
 Call Canine Familiar     Summ           4%         N/A       38%         3
 Summon Guardian Golem    Hex/Summ       4%         N/A       38%         3
 Vampiric Draining        Necr           4%         2d6       38%         3
 Sticky Flame             Conj/Fire      12%        2d4       47%         4


Dungeon Overview and Level Annotations

Branches:
Dungeon (5/15)
 Temple: D:4-7

Altars:
Dithmenos

Shops:
D:3 *

Annotations:
D:4 Pikel


Innate Abilities, Weirdness & Mutations

You are immune to sickness and miasma.
Your stone body is resilient. (AC +5)
You are immune to poison.
You resist negative energy. (rN+)
You are resistant to electric shocks. (rElec)
You are resistant to unholy torment.
You are immune to petrification.


Message History

The gnoll shaman is moderately wounded.
The gnoll shaman hits you with a +0 whip.
The blast of sand hits the gnoll shaman!
You kill the gnoll shaman!
You now have no stones remaining.
You don't have any stones to cast with.
You don't have any stones to cast with.
Casting: Sandblast (safe; 1% risk of failure)
Confirm with . or Enter, or press ? or * to list all spells.
You don't have any stones to cast with.
Unknown command.
Casting: Sandblast (safe; 1% risk of failure)
Confirm with . or Enter, or press ? or * to list all spells.
Aiming: Stone Arrow (dangerous; 3% risk of failure)
Press: ? - help, Shift-Dir - straight line, f - wyvern
Aim: a wyvern (71% to hit)
The stone arrow hits the wyvern!
The wyvern is moderately wounded.
The wyvern closely misses you.
The wyvern bites you but does no damage.
Casting: Stone Arrow (dangerous; 3% risk of failure)
Confirm with . or Enter, or press ? or * to list all spells.
Aiming: Stone Arrow (dangerous; 3% risk of failure)
Press: ? - help, Shift-Dir - straight line, f/p - wyvern
Aim: a wyvern (moderately wounded, 71% to hit)
The stone arrow misses the wyvern.
The stone arrow hits the gnoll!!
You kill the gnoll!
The wyvern bites you! The wyvern bites you!
* * * LOW HITPOINT WARNING * * *
The wyvern bites you but does no damage.
The wyvern bites you.
* * * LOW HITPOINT WARNING * * *
The wyvern bites you!
* * * LOW HITPOINT WARNING * * *
As you read the scroll labelled REAHETUEWI, it crumbles to dust.
It is a scroll of identify.
h - a scroll of magic mapping The wyvern bites you.
You die...

#.# #######.#.# #.#
#.#..
#.################.#..
#..................#..
#################..#..
#........<#..#..
#.#########..#..
#########.#########..#..
#.....l@.............#g.
#.##################.#.
#.# #.# #.# .# #)# ####
.# #)# ##.... .#
#.##...# .# #.#..# .#
#...#


You could see a wyvern.

Vanquished Creatures
  Grinder (D:4)
  Duvessa (D:4)
  A necrophage (D:5)
  An ogre (D:4)
  A scorpion (D:5)
  Dowan (D:4)
  A howler monkey (D:4)
  A hound (D:4)
  A gnoll shaman (D:5)
  An orc priest (D:4)
  An iguana (D:3)
  Ijyb (D:4)
  A scorpion zombie (D:5)
  A hound skeleton (D:5)
  3 gnolls (D:5)
  9 adders
  3 worms (D:2)
  10 orcs
  10 bats
  5 endoplasms
  5 giant cockroaches
  7 goblins
  11 hobgoblins
  8 kobolds
  6 quokkas
  6 ball pythons
  A ball python zombie (D:3)
  5 frilled lizards
  5 rats
108 creatures vanquished.

Notes
Turn   | Place    | Note
-------+----------+-------------------------------------------
     0 | D:1      | crazypyro the Gargoyle Earth Elementalist began the quest
                  | for the Orb.
     0 | D:1      | Reached XP level 1. HP: 10/10 MP: 3/3
   179 | D:1      | Reached skill level 1 in Transmutations
   206 | D:1      | Reached XP level 2. HP: 9/15 MP: 0/5
   369 | D:1      | Reached skill level 4 in Earth Magic
   703 | D:1      | Reached XP level 3. HP: 15/19 MP: 3/6
   708 | D:1      | Learned a level 3 spell: Stone Arrow
  1269 | D:2      | Reached XP level 4. HP: 24/24 MP: 3/7
  1582 | D:2      | Reached skill level 1 in Conjurations
  2117 | D:2      | Reached skill level 5 in Earth Magic
  2287 | D:3      | Reached XP level 5. HP: 3/28 MP: 1/9
  2620 | D:3      | Found Ilun's Assorted Antiques.
  2999 | D:3      | Reached skill level 1 in Shields
  3273 | D:4      | Noticed Grinder
  3403 | D:4      | Paralysed by Grinder for 4 turns
  3417 | D:4      | Paralysed by Grinder for 4 turns
  3442 | D:5      | Entered Level 5 of the Dungeon
  3521 | D:4      | Paralysed by Grinder for 3 turns
  3526 | D:4      | Killed Grinder
  3527 | D:4      | Reached XP level 6. HP: 8/32 MP: 0/11
  3818 | D:4      | Noticed Dowan
  3997 | D:4      | Reached XP level 7. HP: 36/36 MP: 6/12
  4052 | D:4      | Reached skill level 6 in Earth Magic
  4159 | D:4      | Noticed Duvessa
  4183 | D:4      | Killed Duvessa
  4365 | D:4      | Found a shadowy altar of Dithmenos.
  4455 | D:4      | Noticed Ijyb
  4459 | D:4      | Killed Ijyb
  4640 | D:4      | Killed Dowan
  4772 | D:4      | Noticed Pikel
  4989 | D:5      | Reached XP level 8. HP: 41/41 MP: 9/14
  5225 | D:5      | Noticed a wyvern
  5249 | D:5      | HP: 1/41 [wyvern (9)]
  5251 | D:5      | Slain by a wyvern

Illustrated notes

Levels and vault maps discovered:
D:1:      matt_arrival_diagonals, layout_loops_ring
D:2:      layout_loops_ring, guppyfry_early_orc_mine
D:3:      layout_basic, serial_shops, shop, minmay_pentomino_pile
D:4:      layout_loops_ring, lemuel_doored_altar, small_statue_intersection,
          chequers_mini_garden, kennysheep_cluttered_room, minivault_4,
          uniq_pikel, uniq_ijyb, uniq_grinder, uniq_duvessa
D:5:      layout_basic, glass_columns_a, minmay_manual_moon, uniq_edmund

Skill      XL: |  1  2  3  4  5  6  7  8 |
---------------+-------------------------+-----
Transmutations | 1 |  1.5
Earth Magic    | 4 5 6 |  6.9
Conjurations   | 1 3 4 |  4.6
Spellcasting   | 3 4 |  4.5
Shields        | 2 3 4 |  4.1
Dodging        | |  1.6
Stealth        | |  2.2

Action                   |  1- 3 |  4- 6 |  7- 9 || total
-------------------------+-------+-------+-------++-------
Melee: Short sword       |    20 |       |       ||    20
       Unarmed           |     3 |       |       ||     3
       Whip              |     8 |     1 |       ||     9
       Dagger            |       |    17 |     5 ||    22
       Flail             |       |       |     5 ||     5
 Cast: Sandblast         |    36 |    87 |    43 ||   166
       Stone Arrow       |       |     4 |    11 ||    15
  Use: Scroll            |       |       |     1 ||     1
 Stab: Sleeping          |     1 |     2 |       ||     3
Armor: Robe              |     7 |    13 |    11 ||    31
Dodge: Dodged            |    21 |    22 |    17 ||    60
Block: Kite shield       |       |     7 |       ||     7
